 Dungeon Crawl Stone Soup version 0.27.1-35-g4d5d836560 (webtiles) character file.

Game seed: 2513793038587651234

627 Delamore the Cutter (level 7, -14/45 HPs)
             Began as an Octopode Brigand on May 4, 2022.
             Was an Initiate of Gozag.
             Splashed by Ijyb's acid (15 damage)
             ... on level 5 of the Dungeon.
             The game lasted 00:04:50 (5360 turns).

Delamore the Cutter (Octopode Brigand)              Turns: 5360, Time: 00:04:50

Health: -14/45     AC: -7    Str: 10    XL:     7   Next: 47%
Magic:  7/7        EV: 13    Int: 19    God:    Gozag
Gold:   390        SH:  0    Dex: 16    Spells: 6/6 levels left

rFire    . . .     SeeInvis .   q - +0 dagger (venom)
rCold    . . .     Faith    .   (no shield)
rNeg     . . .     Spirit   .   (helmet restricted)
rPois    .         Reflect  .   (no amulet)
rElec    .         Harm     .   f - +6 ring of intelligence
rCorr    .         Rampage  .   (no ring)
Will     .....                  (no ring)
Stlth    ++++......             (no ring)
HPRegen  0.15/turn              (no ring)
MPRegen  0.10/turn              (no ring)
                                (no ring)
                                (no ring)

@: corroded, gold aura
A: almost no armour, amphibious, 8 rings, camouflage 1, gelatinous body 1,
(nimble swimmer 1), tentacles
a: Renounce Religion, Potion Petition, Call Merchant, Bribe Branch


You were on level 5 of the Dungeon.
You worshipped Gozag.
Gozag was aware of your devotion.
You visited 1 branch of the dungeon, and saw 5 of its levels.

You collected 462 gold pieces.
You paid 72 gold pieces to Gozag.

Inventory:

Hand Weapons
 a - a +2 dagger
 q - a +0 dagger of venom (weapon)
Missiles
 b - 8 poisoned darts (quivered)
 c - 2 curare-tipped darts
 j - 6 atropa-tipped darts
Jewellery
 f - a +6 ring of intelligence (left tentacle)
Scrolls
 i - 2 scrolls of immolation
 m - a scroll of holy word
 n - a scroll of summoning {unknown}
 o - a scroll of enchant armour {unknown}
Potions
 e - 2 potions of curing {unknown}
 g - a potion of lignification {unknown}
 h - a potion of brilliance {unknown}
 k - a potion of flight
 l - a potion of degeneration {unknown}
 p - a potion of might {unknown}


   Skills:
 - Level 2.0 Fighting
 * Level 6.7 Short Blades
 + Level 4.2 Throwing
 - Level 1.0 Dodging
 - Level 6.2 Stealth


You had 6 spell levels left.
You didn't know any spells.
Your spell library contained the following spells:

 Spells                   Type           Power      Damage    Failure   Level
 Animate Skeleton         Necr           0%         N/A       21%         1
 Apportation              Tloc           0%         N/A       21%         1
 Corona                   Hex            0%         N/A       21%         1
 Summon Small Mammal      Summ           0%         N/A       21%         1
 Corpse Rot               Necr/Air       N/A        N/A       30%         2
 Passwall                 Tmut/Erth      0%         N/A       30%         2
 Conjure Flame            Conj/Fire      0%         6-21      52%         3
 Ignite Poison            Fire/Tmut/Pois 0%         N/A       52%         3
 Swiftness                Air            0%         N/A       52%         3
 Dispel Undead            Necr           0%         3d6       90%         4
 Sticky Flame             Conj/Fire      0%         2d3       90%         4
 Death Channel            Necr           0%         N/A       100%        6
 Invisibility             Hex            0%         N/A       100%        6


Dungeon Overview and Level Annotations

Branches:
Dungeon (5/15)             Temple (0/1) D:4

Altars:
Ashenzari
Gozag
Kikubaaqudgha
Makhleb
Uskayaw

Annotations:
D:5 Ijyb


Innate Abilities, Weirdness & Mutations

You cannot wear most types of armour.
You are amphibious.
You can wear up to eight rings at the same time.
Your skin changes colour to match your surroundings (Stealth+).
Your rubbery body absorbs attacks. (AC +1, EV +1)
((You are camouflaged near water. (Stealth+)))
You have tentacles for arms and can constrict up to eight enemies at once.


Message History

You throw a poisoned dart. The poisoned dart hits the kobold.
The kobold is poisoned.
You throw a poisoned dart.
The poisoned dart closely misses the kobold.
You throw a poisoned dart. The poisoned dart hits the kobold.
The kobold looks even sicker.
The kobold is moderately wounded.
You throw a poisoned dart.
The poisoned dart closely misses the kobold.
You kill the kobold!
You throw a poisoned dart.
The poisoned dart closely misses the kobold.
You throw a poisoned dart. The poisoned dart hits the kobold!
The kobold is poisoned.
You throw a poisoned dart.
The poisoned dart barely misses the kobold.
The poisoned dart closely misses Ijyb.
The kobold is distracted by your dazzling golden aura.
You throw a poisoned dart.
The poisoned dart barely misses the kobold.
The poisoned dart barely misses Ijyb.
The kobold shouts!
The kobold is no longer distracted by gold.
Ijyb zaps a wand.
The bolt of acid hits the kobold!
The kobold is splashed with acid!
The acid corrodes the kobold!
The kobold dies!
The bolt of acid misses you.
You throw a poisoned dart. The poisoned dart barely misses Ijyb.
You throw a poisoned dart. The poisoned dart hits Ijyb.
Ijyb is poisoned.
Ijyb zaps a wand.
The bolt of acid hits you! The acid corrodes you!
You are splashed with acid!
Ijyb zaps a wand.
The bolt of acid hits the kobold!
The kobold is splashed with acid.
The acid corrodes the kobold!
The kobold dies!
The bolt of acid hits you!!
Ouch! That really hurt!
* * * LOW HITPOINT WARNING * * *
The acid corrodes you!
You are splashed with acid!
You die...
Your body crumbles into a pile of gold.

##+## ##...##
##@$g.(##
##....($.## #
#......((.####...#
+........($$KKKK..
#.........####....
##.......## .
##.....## ##...##
##+##


You could see Ijyb (poisoned).

Vanquished Creatures
  An ogre (D:3)
  A kobold brigand (D:5)
  2 scorpions (D:3)
  A water moccasin skeleton (D:4)
  Jessica (D:3)
  A centaur skeleton (D:4)
  Terence (D:2)
  An iguana (D:4)
  Robin (D:4)
  7 adders
  An adder skeleton (D:5)
  A worm (D:4)
  A dart slug (D:3)
  An orc (D:4)
  8 ball pythons
  6 endoplasms
  5 giant cockroaches
  14 hobgoblins
  9 jackals (D:2)
  15 kobolds
  2 quokkas (D:1)
  11 bats
  13 frilled lizards
  11 goblins
  7 rats
122 creatures vanquished.

Vanquished Creatures (others)
  2 kobolds (D:5)
  3 plants (D:4)
5 creatures vanquished.

Grand Total: 127 creatures vanquished

Notes
Turn   | Place    | Note
-------+----------+-------------------------------------------
     0 | D:1      | Delamore the Octopode Brigand began the quest for the Orb.
     0 | D:1      | Reached XP level 1. HP: 14/14 MP: 1/1
   154 | D:1      | Reached XP level 2. HP: 11/19 MP: 2/2
   821 | D:1      | Reached XP level 3. HP: 14/24 MP: 3/3
  1339 | D:2      | Noticed Terence
  1348 | D:2      | HP: 1/24 [poisoned by an adder]
  1370 | D:2      | Killed Terence
  1371 | D:2      | Reached XP level 4. HP: 4/29 MP: 4/4
  2072 | D:2      | Reached XP level 5. HP: 34/34 MP: 5/5
  2444 | D:3      | Found a burning altar of Makhleb.
  2444 | D:3      | Noticed a blizzard demon
  2447 | D:3      | Noticed an orange demon
  2447 | D:3      | Noticed a hellwing
  2797 | D:3      | Noticed Jessica
  2799 | D:3      | Killed Jessica
  2800 | D:3      | Reached skill level 5 in Short Blades
  2850 | D:3      | Reached XP level 6. HP: 39/39 MP: 6/6
  2852 | D:3      | Found a faded altar of an unknown god.
  3928 | D:4      | Found a hide-covered altar of Uskayaw.
  3931 | D:4      | Found an opulent altar of Gozag.
  3934 | D:4      | Found an ancient bone altar of Kikubaaqudgha.
  3939 | D:4      | Became a worshipper of Gozag Ym Sagoz the Greedy
  3948 | D:4      | Reached XP level 7. HP: 42/45 MP: 7/7
  3999 | D:4      | Noticed Robin
  4038 | D:4      | Killed Robin
  4211 | D:4      | Found a broken altar of Ashenzari.
  4285 | D:4      | Found a staircase to the Ecumenical Temple.
  5134 | D:5      | Entered Level 5 of the Dungeon
  5144 | D:5      | Noticed Ijyb
  5360 | D:5      | HP: 1/45 [Ijyb/bolt of acid (23)]
  5360 | D:5      | Splashed by Ijyb's acid

Illustrated notes

Levels and vault maps discovered:
D:1:      dpeg_arrival_pond, layout_basic, minmay_heptomino_w4
D:2:      layout_loops_cross, wad_floor_pattern_1, uniq_terence
D:3:      layout_loops_corners, makhleb_altar_promises_db,
          shapermc_ecumenical_altar_starsandcircs, uniq_jessica
D:4:      layout_basic, general_overflow_altar, grunt_temple_overflow_open,
          minmay_temple_entry_fiery, minmay_lizard_king, uniq_robin
D:5:      layout_loops_corners, nicolae_sif_muna_condensation, hex_medium,
          uniq_pikel, uniq_ijyb

Skill      XL: |  1  2  3  4  5  6  7 |
---------------+----------------------+-----
Short Blades   | 3 4 5 6 |  6.7
Stealth        | 6 |  6.2
Throwing       | 3 4 |  4.2
Fighting       | |  2.0
Dodging        | |  1.0

Action                   |  1- 3 |  4- 6 |  7- 9 || total
-------------------------+-------+-------+-------++-------
Melee: Dagger            |    62 |    67 |    69 ||   198
       Constrict         |    12 |    16 |    15 ||    43
       Tentacles         |     8 |    12 |    14 ||    34
Throw: Dart              |     9 |     3 |    29 ||    41
  Use: Potion            |       |       |     3 ||     3
       Scroll            |       |       |     2 ||     2
 Stab: Sleeping          |    14 |    19 |     3 ||    36
       Distracted        |       |       |     1 ||     1
Armor: Skin              |     4 |     2 |     7 ||    13
Dodge: Dodged            |    25 |    38 |    47 ||   110
